 Dungeon Crawl Stone Soup version 0.21.1-1-g345015fe64 (webtiles) character file.

182 LevaFresel the Shooter (level 5, -1/36 HPs)
             Began as a Halfling Hunter on June 4, 2018.
             Slain by Grinder (8 damage)
             ... on level 3 of the Dungeon.
             The game lasted 00:07:15 (1820 turns).

LevaFresel the Shooter (Halfling Hunter)            Turns: 1820, Time: 00:07:16

Health: -1/36      AC:  5    Str: 14    XL:     5   Next: 93%
Magic:  5/5        EV: 14    Int:  9    God:
Gold:   58         SH:  0    Dex: 15    Spells: 4/4 levels left

rFire    . . .     SeeInvis .   b - +0 short sword
rCold    . . .     Gourm    .   (shield restricted)
rNeg     . . .     Faith    .   p - +0 ring mail
rPois    .         Spirit   .   (no helmet)
rElec    .         Reflect  .   (no cloak)
rCorr    .         Harm     .   (no gloves)
MR       .....                  (no boots)
Stlth    +.........             (no amulet)
HPRegen  0.12/turn              (no ring)
MPRegen  0.09/turn              (no ring)

@: no status effects
A: small, mutation resistance 1
a: no special abilities


You were on level 3 of the Dungeon.
You were not hungry.

You visited 1 branch of the dungeon, and saw 3 of its levels.

You collected 58 gold pieces.

Inventory:

Hand Weapons
 a - a +1 shortbow
 b - a +0 short sword (weapon)
Missiles
 d - 30 arrows
 j - 6 tomahawks (quivered)
Armour
 p - a +0 ring mail (worn)
Scrolls
 c - a scroll of enchant armour {unknown}
 e - 3 scrolls of teleportation
 i - a scroll of amnesia {unknown}
 k - 3 scrolls of identify
 o - a scroll of random uselessness {unknown}
 q - a scroll of blinking {unknown}
Potions
 h - 4 potions of might
 l - a potion of cancellation {unknown}
 m - a potion of haste {unknown}
 n - a potion of agility {unknown}
Comestibles
 f - 5 rations


   Skills:
 + Level 3.0 Fighting
 * Level 6.0 Bows
 + Level 3.5 Dodging
 - Level 1.1 Stealth


You had 4 spell levels left.
You didn't know any spells.

Dungeon Overview and Level Annotations

Branches:
Dungeon (3/15)

Altars:
Makhleb

Annotations:
D:3 Grinder, Sigmund


Innate Abilities, Weirdness & Mutations

You are small and have problems with some larger weapons.
You are somewhat resistant to further mutation.


Message History

Grinder says, "Tell me all your secrets, or I'll kill you."
Grinder blinks!
You barely miss Grinder.
Grinder blinks!
A kobold comes into view. It is wielding a short sword.
The kobold shouts!
You're too confused to move!
You feel less confused. Something hits you but does no damage.
The kobold barely misses you. Grinder gestures at you.
You suddenly lose the ability to move!
The kobold hits you with a short sword. Something hits you!
* * * LOW HITPOINT WARNING * * *
The kobold barely misses you.
You can move again.
b - a +0 short sword (weapon)
The kobold barely misses you. Something hits you.
* * * LOW HITPOINT WARNING * * *
You closely miss the kobold. Grinder hits you!
You die...

###.##..#†.# #
##...#..###.##
..##.......##...##
#....#....###.†..#
###........#
##._.#
..#.###....##§..##
##∩##
.......<#####..###
###
###.....K........#
.....##.#@.###.###
###. ...##5# #.#
#....###...#.#
#..#. ###...#
#..## ##.# #..
.... .. ...


You could see Grinder and a kobold.

Vanquished Creatures
  A scorpion (D:2)
  A hound (D:3)
  Jessica (D:2)
  Terence (D:2)
  2 adders (D:2)
  An ooze (D:1)
  2 dart slugs
  2 leopard geckos (D:1)
  A giant cockroach (D:2)
  A hobgoblin (D:2)
  7 kobolds
  A quokka (D:2)
  6 bats
  2 frilled lizards (D:2)
  2 goblins
  5 rats
36 creatures vanquished.

Notes
Turn   | Place    | Note
-------+----------+-------------------------------------------
     0 | D:1      | LevaFresel the Halfling Hunter began the quest for the Orb.
     0 | D:1      | Reached XP level 1. HP: 14/14 MP: 1/1
    52 | D:1      | Reached XP level 2. HP: 17/19 MP: 2/2
   648 | D:1      | Reached XP level 3. HP: 24/24 MP: 3/3
   906 | D:2      | Reached skill level 5 in Bows
  1003 | D:2      | Noticed Jessica
  1009 | D:2      | Killed Jessica
  1009 | D:2      | Reached XP level 4. HP: 30/30 MP: 4/4
  1023 | D:2      | Found a faded altar of an unknown god.
  1108 | D:2      | Reached XP level 5. HP: 6/35 MP: 5/5
  1440 | D:2      | Noticed Terence
  1448 | D:2      | Killed Terence
  1688 | D:3      | Found a burning altar of Makhleb.
  1702 | D:3      | Reached skill level 6 in Bows
  1800 | D:3      | Noticed Sigmund
  1804 | D:3      | Noticed Grinder
  1816 | D:3      | Paralysed by Grinder for 3 turns
  1820 | D:3      | Slain by Grinder

Skill      XL: |  1  2  3  4  5 |
---------------+----------------+-----
Fighting       | 2 3 |  3.0
Bows           | 5 6 |  6.0
Dodging        | 3 |  3.5
Stealth        | |  1.1

Action                   |  1- 3 |  4- 6 || total
-------------------------+-------+-------++-------
Melee: Short sword       |    21 |    43 ||    64
       Shortbow          |       |     1 ||     1
 Fire: Shortbow          |    51 |    33 ||    84
  Use: Scroll            |       |     3 ||     3
  Eat: Ration            |       |     1 ||     1
Armor: Leather armour    |     6 |     5 ||    11
       Ring mail         |       |     5 ||     5
Dodge: Dodged            |    20 |    54 ||    74
